AoeStats
← Asheqer

MegaRandom

509581633Analyzed
2v2 RM · 4d ago on Sep 27, 2026· 35m 44s· 4 players
Game mode
Random Map
Map size
Medium (4 player)
Population
200
Speed
Normal
Resources
Standard
Victory
Conquest
Starting age
Dark Age
Ending age
Imperial Age
RankedLock teamsTeams togetherTeam positionsShared explorationLock speedFull tech treeHidden civsTurbo modeCheats
Victory
Defeat
🇫🇴 Britons · Faroe Islands
823
+14
🇬🇧 Franks · United Kingdom
766
+16
789
-15
🇦🇺 Aztecs · Australia
768
-15
Rat Mayor MILFord MEMEswell
11:49 Feudal Age
18:29 Loom
21:34 Scale Mail Armor
21:45 Forging
27:12 Horse Collar
The Gamer
12:27 Feudal Age
16:40 Loom
18:34 Horse Collar
23:03 Castle Age
22:50 Scale Mail Armor
23:02 Forging
22:45 Double-Bit Axe
24:27 Wheelbarrow
25:45 Bow Saw
25:38 Heavy Plow
27:17 Squires
28:59 Hand Cart
31:13 Iron Casting
31:41 Eagle Warrior
33:16 Chain Mail Armor
Asheqer
5:10 Loom
7:10 Loom
10:36 Feudal Age
14:57 Double-Bit Axe
20:07 Scale Barding Armor
23:20 Castle Age
23:31 Forging
24:38 Gold Mining
30:30 Husbandry
*DEAD*
0:36 Loom
11:42 Feudal Age
13:32 Wheelbarrow
13:16 Double-Bit Axe
14:07 Town Watch
14:28 Horse Collar
16:59 Arson
20:07 Fletching
21:51 Padded Archer Armor
22:38 Forging
27:42 Castle Age
28:04 Crossbowman
28:42 Bodkin Arrow
30:35 Bow Saw
30:49 Gold Mining
32:59 Heavy Plow
35:39 Leather Archer Armor
35:45 Hand Cart
Connection lost

Rejoining the realm…

Still unreachable

The connection could not be restored.

Session expired

The server has moved on; the page needs a fresh start.